 Dungeon Crawl Stone Soup version 0.14-a0-882-gdff4d47 (webtiles) character file.

18 4tharraofdagon the Firebug (level 2, -2/22 HPs)
             Began as a Naga Fire Elementalist on Nov 17, 2013.
             Slain by an orc
             ... wielding a -1,+2 orcish trident
              (9 damage)
             ... on Level 5 of the Dungeon.
             The game lasted 00:02:01 (298 turns).

4tharraofdagon the Firebug (Naga Fire Elementalist)  Turns: 298, Time: 00:02:01

HP  -2/22        AC  1     Str 10      XL: 2   Next: 70%
MP   1/4         EV 10     Int 15      God:
Gold 0           SH  0     Dex 11      Spells:  1 memorised,  2 levels left

Res.Fire  : . . .   See Invis. : +   i - +0 war axe
Res.Cold  : . . .   Warding    : .   a - +0 robe
Life Prot.: . . .   Conserve   : .   (no shield)
Res.Poison: +       Res.Corr.  : .   (no helmet)
Res.Elec. : .       Clarity    : .   (no cloak)
Sust.Abil.: . .     Spirit.Shd : .   (no gloves)
Res.Mut.  : .       Stasis     : .   (no barding)
Res.Rott. : .       Flight     : .   (no amulet)
Saprovore : . . .                    (no ring)
                                     (no ring)

@: very slightly contaminated, very slow, slightly resistant to hostile
enchantments, fairly stealthy
A: spit poison, see invisible, deformed body, poison resistance, slowness 2
a: Spit Poison


You were on level 5 of the Dungeon.
You were not hungry.

You visited 1 branch of the dungeon, and saw 5 of its levels.

Inventory:

Hand weapons
 e - a +0,+0 short sword
 i - a +0,+0 war axe (weapon)
Armour
 a - a +0 robe (worn)
Comestibles
 c - 2 bread rations
 h - a meat ration
Scrolls
 g - a scroll of enchant weapon II {unknown}
Potions
 d - a potion of heal wounds {unknown}
 f - a potion of agility {unknown}
Books
 b - a book of Flames

   Spells                             Type                      Level
   *Flame Tongue                      Conjuration/Fire             1
   Throw Flame                        Conjuration/Fire             2
   Conjure Flame                      Conjuration/Fire             3
   Inner Flame                        Hexes/Fire                   3
   Sticky Flame                       Conjuration/Fire             4
   Fireball                           Conjuration/Fire             5


   Skills:
 - Level 1.5 Dodging
 - Level 3.0 Stealth
 + Level 1.2 Spellcasting
 * Level 1.9 Conjurations
 * Level 3.3 Fire Magic


You had 2 spell levels left.
You knew the following spells:

 Your Spells              Type           Power        Failure   Level  Hunger
a - Flame Tongue          Conj/Fire      #....        12%         1    ##.....


Dungeon Overview and Level Annotations

Branches:
Dungeon (5/16)
 Temple: D:4-7

Altars:


Innate Abilities, Weirdness & Mutations

You cannot wear boots.
You can spit poison.
You have supernaturally acute eyesight.
Armour fits poorly on your strangely shaped body.
Your system is resistant to poisons.
You cover ground very slowly.


Message History

The orc hits you from afar with an orcish trident.
There is a stone staircase leading up, spattered with blood here.
The orc barely misses you.
You climb upwards.
You hear the sound of rushing water.
There is an entrance to a sewer on this level.
Hurry and find it before the portal rusts away!
You hear the slow rusting of a drain, a long way away.
A rat and a hound come into view.
Found a fizzy cyan potion.
There is a stone staircase leading down here.
You climb downwards.
A worm comes into view.
The orc hits you with an orcish trident.
There is a stone staircase leading up, spattered with blood here.
Unknown command.
Unknown command.
The orc hits you from afar with an orcish trident.
Unknown command.
The orc hits you from afar with an orcish trident!
You die...

########## ..........#
#..........#
#..........#
#..........#############
#.....>....'...........+
#..........####@....###
#..........# #..)..#
##..........# #o....#
............# #.<...#
............####)....#
.....................#
.....................#
..................a..#
.....................#


You could see a worker ant (wandering) and an orc.

Vanquished Creatures
  An adder (D:5)
  An orc (D:4)
  A goblin (D:1)
  A hobgoblin (D:3)
  2 jackals (D:2)
  A quokka (D:3)
  A kobold (D:3)
  An orc zombie (D:5)
  A rat (D:1)
10 creatures vanquished.

Notes
Turn   | Place    | Note
--------------------------------------------------------------
     0 | D:1      | 4tharraofdagon, the Naga Fire Elementalist, began the quest for the Orb.
     0 | D:1      | Reached XP level 1. HP: 15/15 MP: 3/3
   167 | D:3      | Reached XP level 2. HP: 19/22 MP: 2/4
   251 | D:5      | Entered Level 5 of the Dungeon
   298 | D:5      | Slain by an orc

Action                   || total
-------------------------++-------
Melee: Short sword       ||     4
 Cast: Flame Tongue      ||    14
 Abil: Spit Poison       ||     7
